 Dungeon Crawl Stone Soup version 0.19.0-19-g8c6edcc (console) character file.

16013 Kloppie the Basher (level 12, -6/142 HPs)
             Began as a White Draconian Fighter on Nov 16, 2016.
             Was an Elder of Hepliaklqana.
             Mangled by an eight-headed hydra (10 damage)
             ... on level 3 of the Lair of Beasts.
             The game lasted 00:20:56 (11294 turns).

Kloppie the Basher (White Draconian Fighter)       Turns: 11294, Time: 00:20:57

Health: -6/142     AC: 28    Str: 18    XL:     12   Next: 6%
Magic:  0/12       EV:  2    Int:  9    God:    Hepliaklqana [****..]
Gold:   787        SH: 12    Dex: 16    Spells: 0 memorised, 11 levels left

rFire  . . .     SeeInvis .     w - +0 flail (crush)
rCold  + . .     Gourm    .     (armour unavailable)
rNeg   + + +     Faith    .     b - +0 shield
rPois  +         Spirit   +     (helmet currently unavailable)
rElec  .         Reflect  .     (cloak currently unavailable)
rCorr  .         Harm     .     (gloves currently unavailable)
MR     .....     NoTele   +     (boots currently unavailable)
Stlth  +.........               y - amulet of guardian spirit
                                u - ring of protection from cold
                                i - +2 ring of protection

@: tree-form
A: (breathe frost), unfitting armour, reduced essence, (cold resistance 0),
(cold-blooded), AC +8
a: Recall Ancestor, Ancestor Identity, Transference, Idealise, Renounce Religion


You were on level 3 of the Lair of Beasts.
You worshipped Hepliaklqana.
Hepliaklqana was greatly pleased with you.
You were not hungry.
You were a tree.
You visited 3 branches of the dungeon, and saw 14 of its levels.
You also visited: Ossuary.

You collected 797 gold pieces.
You spent 10 gold pieces at shops.

Inventory:

Hand Weapons
 a - a +2 flail of protection
 c - a +0 flail
 w - a +0 flail of crushing (weapon)
Armour
 b - a +0 shield (worn)
 p - a +2 hat (melded)
 O - a +1 cloak (melded)
 Q - a +1 pair of gloves (melded)
Jewellery
 i - a +2 ring of protection (left branch)
 u - a ring of protection from cold (right branch)
 v - an uncursed ring of protection from cold
 y - an amulet of guardian spirit (around neck)
 B - a +3 ring of strength
 W - an uncursed amulet of the gourmand
Wands
 m - a wand of paralysis (18/24)
 r - a wand of enslavement (12/24)
 C - a wand of random effects (31/48)
 J - a wand of teleportation (4/9)
 M - a wand of lightning (4/15)
 N - a wand of slowing (34/48)
 R - a wand of confusion (20/48)
 U - a wand of slowing (35/48)
 V - a wand of lightning (5/15)
Scrolls
 e - a scroll of teleportation
 h - 4 scrolls of remove curse
 l - a scroll of immolation
 I - a scroll of blinking
 K - 2 scrolls of amnesia
 L - 3 scrolls of enchant weapon
Potions
 g - 5 potions of curing
 k - 3 potions of flight
 o - 2 potions of haste
 s - 2 potions of brilliance
 t - 2 potions of ambrosia
 x - a potion of cure mutation
 A - 2 potions of magic
 E - 3 potions of agility {unknown}
 F - a potion of beneficial mutation {unknown}
 G - 3 potions of heal wounds {unknown}
 H - a potion of cancellation {unknown}
Books
 n - a book of Party Tricks

   Spells                             Type                      Level
   a - Summon Butterflies             Summoning                    1
   b - Apportation                    Translocation                1
   c - Lesser Beckoning               Translocation                3
   d - Tukima's Dance                 Hexes                        3
   e - Alistair's Intoxication        Transmutation/Poison         5
   f - Invisibility                   Hexes                        6
 P - a book of Changes

   Spells                             Type                      Level
   a - Beastly Appendage              Transmutation                1
   b - Sticks to Snakes               Transmutation                2
   c - Spider Form                    Transmutation/Poison         3
   d - Ice Form                       Ice/Transmutation            4
   e - Blade Hands                    Transmutation                5
Comestibles
 d - 8 bread rations
 f - 15 fruits
 j - 2 meat rations
 q - 2 beef jerkies
 D - 2 slices of pizza
 T - 4 chunks of flesh


   Skills:
 + Level 10.2 Fighting
 + Level 13.6 Maces & Flails
 - Level 2.6 Dodging
 - Level 11.3 Shields


You had 11 spell levels left.
You didn't know any spells.

Dungeon Overview and Level Annotations

Branches:
Dungeon (10/15)            Temple (1/1) D:6            Lair (3/6) D:8
 Shoals (0/4) Lair:3       Spider (0/4) Lair:3
    Orc: D:9-12

Altars:
Ashenzari
Cheibriados
Dithmenos
Elyvilon
Fedhas
Gozag
Hepliaklqana
Kikubaaqudgha
Makhleb
Nemelex Xobeh
Okawaru
Qazlal
Ru
Sif Muna
Trog
Uskayaw
Vehumet
Xom
Yredelemnul
Zin
The Shining One

Shops:
D:5 [   D:6 !

Annotations:
D:4 1 runed door


Innate Abilities, Weirdness & Mutations

((You can breathe waves of freezing cold.))
((You can buffet flying creatures when you breathe cold.))
((Your icy white scales are hard. (AC +8)))
You cannot fit into any form of body armour.
((Your flesh is cold resistant. (rC+)))
((You are cold-blooded and may be slowed by cold attacks.))
Your life essence is reduced. (-10% HP)


Message History

Okay, then.
You feel better. You block the komodo dragon's attack.
The eight-headed hydra bites you.
* * * LOW HITPOINT WARNING * * *
You block the eight-headed hydra's attack.
The eight-headed hydra bites you but does no damage.
The eight-headed hydra bites you.
* * * LOW HITPOINT WARNING * * *
The eight-headed hydra bites you but does no damage.
The eight-headed hydra bites you.
* * * LOW HITPOINT WARNING * * *
The eight-headed hydra bites you but does no damage. x2 Æðelind hits the komodo dragon with a flail!
Okay, then.
You catch the helpless komodo dragon completely off-guard!
You sock the komodo dragon!
You kill the komodo dragon!
The eight-headed hydra bites you but does no damage. x2
The eight-headed hydra bites you!
You die...

##.....#....#.....#.#...#.#
#.....>######P.##P##....#
###.....## ### ## #......#
##P....# .[### #.....###
..... ###.....# .....
#.....## ..... ##...♣R#
..... #....D# ..... ##....#
..... #....# .. # ###..# #
# #... #... .....


You could see the friendly Æðelind the knight and an eight-headed hydra.

Vanquished Creatures
  A hydra (Lair:2)
  A deep elf mage (D:9)
  Maurice (D:10)
  The ghost of RaHiT the Carver, a novice DsCK of Xom (D:5)
  A rime drake (Lair:3)
  A hellwing (D:9)
  3 komodo dragons
  A two-headed ogre (D:9)
  2 blink frogs (Lair:1)
  3 hippogriffs
  Eustachio (D:6)
  8 yaks
  2 basilisks
  Menkaure (D:4)
  Edmund (D:4)
  8 porcupines
  3 water moccasins
  A necrophage (D:9)
  2 orc warriors
  5 sky beasts
  3 ogres
  4 wolves (Lair:1)
  4 centaurs
  7 crocodiles
  Blork the orc (D:4)
  A big kobold (D:8)
  8 bullfrogs
  A scorpion (D:7)
  3 howler monkeys (D:9)
  5 wights (D:9)
  An electric eel (Lair:1)
  5 crimson imps
  3 hounds
  2 jellies
  3 centaur skeletons
  3 orc priests
  4 orc wizards
  3 bullfrog skeletons
  5 iguanas
  8 worker ants
  A big kobold zombie (Ossuary)
  8 mummies (Ossuary)
  A hound skeleton (D:6)
  A worker ant zombie (D:5)
  10 adders
  2 river rats (D:8)
  A shadow imp (D:8)
  2 oozes
  2 worms
  3 dart slugs
  7 leopard geckos
  19 orcs
  10 bats
  5 giant cockroaches
  2 gnoll zombies (Ossuary)
  6 goblins
  9 hobgoblins
  16 jackals
  20 kobolds
  5 quokkas
  A ball python (D:1)
  4 frilled lizards
  2 hobgoblin zombies (Ossuary)
  3 kobold zombies (Ossuary)
  A leopard gecko skeleton (D:6)
  4 rats
266 creatures vanquished.

Vanquished Creatures (collateral kills)
  Harold (Lair:2)
  A hydra (Lair:1)
  A siren (Lair:3)
  A black mamba (Lair:2)
  A troll (D:9)
  A blink frog (Lair:1)
  2 basilisks
  4 yaks
  A porcupine (Lair:3)
  A water moccasin (Lair:2)
  2 wolves (Lair:1)
  A centaur (D:8)
  2 bullfrogs (Lair:2)
  A centaur zombie (D:7)
  A jelly (D:9)
  An orc wizard (D:7)
22 creatures vanquished.

Vanquished Creatures (others)
  A knight (Lair:1)
  5 ancestors
  A shadow imp (D:10)
  A fungus (D:8)
8 creatures vanquished.

Grand Total: 296 creatures vanquished

Notes
Turn   | Place    | Note
-------+----------+-------------------------------------------
     0 | D:1      | Kloppie the Draconian Fighter began the quest for the Orb.
     0 | D:1      | Reached XP level 1. HP: 19/19 MP: 1/1
   240 | D:1      | Reached XP level 2. HP: 26/26 MP: 2/2
   771 | D:2      | Reached skill level 3 in Maces & Flails
   771 | D:2      | Reached XP level 3. HP: 33/33 MP: 3/3
  1135 | D:2      | Reached XP level 4. HP: 40/41 MP: 4/4
  2083 | D:4      | Reached skill level 4 in Maces & Flails
  2106 | D:4      | Reached skill level 5 in Fighting
  2106 | D:4      | Reached XP level 5. HP: 45/48 MP: 5/5
  2141 | D:4      | Noticed Edmund
  2162 | D:4      | Killed Edmund
  2162 | D:4      | Reached XP level 6. HP: 34/57 MP: 6/6
  2295 | D:4      | Noticed Blork the orc
  2304 | D:4      | Killed Blork the orc
  2304 | D:4      | Reached skill level 5 in Maces & Flails
  2366 | D:4      | Found a shadowy altar of Dithmenos.
  2430 | D:4      | Found an iron altar of Okawaru.
  2495 | D:4      | Found a runed door.
  2544 | D:4      | Noticed Menkaure
  2550 | D:4      | Killed Menkaure
  2550 | D:4      | Your scales start taking on an icy white colour.
  2550 | D:4      | Reached XP level 7. HP: 63/64 MP: 7/7
  2550 | D:4      | Gained mutation: Your flesh is cold resistant. (rC+) [White Draconian growth]
  2625 | D:4      | Found a deep blue altar of Sif Muna.
  2723 | D:5      | Entered Level 5 of the Dungeon
  2732 | D:5      | Noticed RaHiT's ghost (novice DsCK)
  2743 | D:4      | Reached skill level 6 in Maces & Flails
  3092 | D:5      | Found an ancient bone altar of Kikubaaqudgha.
  3125 | D:5      | Killed RaHiT's ghost
  3143 | D:5      | Reached XP level 8. HP: 39/74 MP: 6/8
  3316 | D:5      | Found a white marble altar of Elyvilon.
  3326 | D:5      | Reached skill level 7 in Maces & Flails
  3392 | D:5      | Found a shimmering altar of Xom.
  3541 | D:5      | Found Fankel's Antique Armour Shop.
  3622 | D:6      | Found a staircase to the Ecumenical Temple.
  3810 | D:6      | Noticed Eustachio
  3861 | D:6      | Killed Eustachio
  3861 | D:6      | Reached skill level 8 in Maces & Flails
  3908 | D:6      | Found a blossoming altar of Fedhas.
  3955 | D:6      | Found Diwieny's Distillery.
  3967 | D:6      | Found a sand-covered staircase.
  3972 | Ossuary  | Entered an ossuary
  4293 | D:6      | Bought a potion of degeneration for 10 gold pieces
  4378 | D:6      | Reached skill level 5 in Shields
  4695 | Temple   | Entered the Ecumenical Temple
  4830 | Temple   | Became a worshipper of Hepliaklqana the Forgotten
  4893 | D:7      | Reached XP level 9. HP: 60/73 MP: 7/9
  5117 | D:7      | Reached skill level 9 in Maces & Flails
  5483 | D:8      | Reached * piety under Hepliaklqana
  5783 | D:8      | Reached skill level 10 in Maces & Flails
  6044 | D:8      | Found a staircase to the Lair.
  6071 | D:8      | Reached XP level 10. HP: 36/81 MP: 7/10
  6956 | D:9      | Reached skill level 11 in Maces & Flails
  7429 | D:9      | Found a blossoming altar of Fedhas.
  7429 | D:9      | Noticed a deep elf mage
  7435 | D:9      | Killed a deep elf mage
  7666 | D:10     | Entered Level 10 of the Dungeon
  7673 | D:10     | Noticed Maurice
  7694 | D:10     | Killed Maurice
  7949 | D:10     | Reached skill level 10 in Shields
  8273 | Lair:1   | Entered Level 1 of the Lair of Beasts
  8283 | Lair:1   | Reached XP level 11. HP: 76/85 MP: 9/11
  8347 | Lair:1   | Reached skill level 12 in Maces & Flails
  8686 | Lair:1   | Reached ** piety under Hepliaklqana
  8687 | Lair:1   | Remembered your ancestor Æðelind as a knight
  8717 | Lair:1   | Noticed a four-headed hydra
  8727 | Lair:1   | Killed a four-headed hydra
  8996 | Lair:1   | HP: 3/85 [yak (10)]
 10192 | Lair:2   | Noticed Harold
 10211 | Lair:2   | Killed Harold
 10211 | Lair:2   | Reached skill level 13 in Maces & Flails
 10314 | Lair:2   | Noticed an eight-headed hydra
 10325 | Lair:2   | Killed an eight-headed hydra
 10569 | Lair:2   | Reached *** piety under Hepliaklqana
 11124 | Lair:3   | Found a staircase to the Shoals.
 11210 | Lair:3   | Reached skill level 10 in Fighting
 11210 | Lair:3   | Reached XP level 12. HP: 76/95 MP: 9/12
 11265 | Lair:3   | Found a hole to the Spider Nest.
 11277 | Lair:3   | Reached **** piety under Hepliaklqana
 11280 | Lair:3   | Noticed an eight-headed hydra
 11290 | Lair:3   | HP: 7/142 [eight-headed hydra (6)]
 11294 | Lair:3   | Mangled by an eight-headed hydra

Skill      XL: |  1  2  3  4  5  6  7  8  9 10 11 |
---------------+----------------------------------+-----
Maces & Flails | 3 4 5 6 8 10 11 13 | 13.6
Fighting       | 4 5 6 7 8 10 | 10.2
Shields        | 5 8 10 11 | 11.3
Dodging        | |  2.6

Action                   |  1- 3 |  4- 6 |  7- 9 | 10-12 || total
-------------------------+-------+-------+-------+-------++-------
Melee: Flail             |   120 |   181 |   467 |   521 ||  1289
       Tailslap          |     5 |    26 |    72 |    89 ||   192
Invok: Ancestor Identity |       |       |     1 |       ||     1
       Recall Ancestor   |       |       |       |     1 ||     1
       Ancestor Life: Kn |       |       |       |     1 ||     1
 Abil: Breathe Frost     |       |       |     1 |     2 ||     3
  Use: Potion            |       |     1 |     4 |     3 ||     8
       Scroll            |       |       |    14 |     8 ||    22
 Stab: Sleeping          |     2 |     2 |       |       ||     4
       Distracted        |       |     1 |       |     5 ||     6
  Eat: Chunk             |     1 |     5 |     8 |    11 ||    25
       Royal jelly       |       |       |     2 |     1 ||     3
       Meat ration       |       |       |       |     1 ||     1
Armor: Skin              |    49 |    70 |   225 |   172 ||   516
Dodge: Dodged            |    45 |    96 |   222 |   231 ||   594
Block: Shield            |    56 |   103 |   252 |   301 ||   712
